 Dungeon Crawl Stone Soup version 0.32-a0-441-gaf4921d101 (webtiles) character file.

Game seed: 11213970199333209849

182 Essalna the Digger (level 5, -2/28 HPs)
             Began as a Gargoyle Earth Elementalist on Feb 23, 2024.
             Slain by an iguana (9 damage)
             ... on level 4 of the Dungeon.
             The game lasted 00:05:27 (3333 turns).

Essalna the Digger (Gargoyle Earth Elementalist)    Turns: 3333, Time: 00:05:27

Health: -2/28      AC:  7    Str: 12    XL:     5   Next: 62%
Magic:  2/10       EV: 11    Int: 17    God:
Gold:   141        SH:  0    Dex: 10    Spells: 6/10 levels left

rFire   . . .        i - +1 rapier (venom)
rCold   . . .        (no shield)
rNeg    + . .        a - +0 robe
rPois   ∞            (no helmet)
rElec   +            c - +0 cloak
rCorr   .            (no gloves)
SInv    .            (no boots)
Will    +....        (no amulet)
Stlth   ++           (no ring)
HPRegen 0.24/turn    (no ring)
MPRegen 0.12/turn

%: no passive effects
@: enlightened, flying
A: sickness immunity, AC +4, negative energy resistance 1, electricity
resistance, torment resistance 1, petrification resistance
a: no special abilities


You were on level 4 of the Dungeon.
You visited 1 branch of the dungeon, and saw 4 of its levels.

You collected 152 gold pieces.
You spent 11 gold pieces at shops.

Inventory:

Hand Weapons
 i - a +1 rapier of venom (weapon)
Armour
 a - a +0 robe (worn)
 c - a +0 cloak (worn)
Wands
 n - a wand of roots (6)
Scrolls
 d - 2 scrolls of teleportation
 e - 2 scrolls of amnesia {unknown}
 f - 2 scrolls of identify {unknown}
 k - a scroll of enchant weapon {unknown}
 l - a scroll of noise {unknown}
 o - a scroll of fear {unknown}
 p - a scroll of immolation {unknown}
Potions
 b - a potion of magic
 g - a potion of cancellation {unknown}
 h - 2 potions of enlightenment
 j - 3 potions of degeneration
 m - a potion of curing
 q - 2 potions of invisibility {unknown}


   Skills:
 - Level 1.5 Dodging
 - Level 2.1 Stealth
 + Level 3.4 Spellcasting
 + Level 3.4 Conjurations
 + Level 5.1 Earth Magic


You had 6 spell levels left.
You knew the following spells:

 Your Spells              Type           Power      Damage    Failure   Level
a - Sandblast             Erth           40%        2d10      1%          1
b - Stone Arrow           Conj/Erth      34%        3d9       9%          3

Your spell library contained the following spells:

 Spells                   Type           Power      Damage    Failure   Level
 Passwall                 Erth           20%        N/A       6%          3
 Kiss of Death            Conj/Necr      32%        2d7       9%          1
 Call Imp                 Summ           4%         N/A       26%         2
 Lesser Beckoning         Tloc           4%         N/A       26%         2
 Brom's Barrelling Bould  Conj/Erth      17%        2d4       28%         4
 Confusing Touch          Hex            2%         N/A       45%         3
 Gell's Gravitas          Tloc           2%         N/A       45%         3
 Teleport Other           Tloc           2%         N/A       45%         3
 Petrify                  Alch/Erth      11%        N/A       50%         4
 Dispel Undead            Necr           2%         3d7       86%         4
 Summon Hydra             Summ           1%         N/A       100%        7
 Sublimation of Blood     Necr           Unusable   N/A       N/A         2

Dungeon Overview and Level Annotations

Branches:
Dungeon (4/15)
 Temple: D:4-7

Altars:
Kikubaaqudgha
Okawaru

Shops:
D:1 :(   D:3 !

Annotations:
D:4 Dowan, Duvessa


Innate Abilities, Weirdness & Mutations

You are immune to sickness and miasma.
Your stone body is resilient. (AC +4)
You are immune to poison.
You resist negative energy. (rN+)
You are resistant to electric shocks. (rElec)
You are resistant to unholy torment.
You are immune to petrification.


Message History

The iguana barely misses you. The orc barely misses you. The iguana bites you.
The orc barely misses you. x2
Casting: Sandblast (safe; 1% risk of failure)
Confirm with . or Enter, or press ? or * to list all spells.
Aiming: Sandblast (safe; 1% risk of failure)
Press: ? - help, Shift-Dir - straight line, f/p - iguana
Aim: an iguana (severely wounded, 85% to hit)
The blast of sand hits the iguana.
The iguana is severely wounded.
The iguana bites you.
* * * LOW HITPOINT WARNING * * *
The orc closely misses you. The orc hits you with a +2 heavy flail.
* * * LOW HITPOINT WARNING * * *
Casting: Sandblast (safe; 1% risk of failure)
Confirm with . or Enter, or press ? or * to list all spells.
Aiming: Sandblast (safe; 1% risk of failure)
Press: ? - help, Shift-Dir - straight line, f/p - iguana
Aim: an iguana (severely wounded, 85% to hit)
The blast of sand hits the iguana.
The iguana is almost dead.
The iguana bites you but does no damage.
The orc hits you but does no damage. The iguana bites you.
* * * LOW HITPOINT WARNING * * *
The orc misses you. The orc barely misses you.
Casting: Sandblast (safe; 1% risk of failure)
Confirm with . or Enter, or press ? or * to list all spells.
Aiming: Sandblast (safe; 1% risk of failure)
Press: ? - help, Shift-Dir - straight line, f/p - iguana
Aim: an iguana (almost dead, 85% to hit)
The blast of sand hits the iguana but does no damage.
The iguana is almost dead.
The iguana closely misses you. The orc barely misses you.
The orc hits you but does no damage.
It was a potion of enlightenment.
You feel very buoyant.
You fly up into the air.
The iguana closely misses you. The orc hits you with a +0 dagger.
* * * LOW HITPOINT WARNING * * *
It was a potion of curing.
You feel better. The iguana bites you!
You die...

......................##.........
##.##..................#.......
(#.##.....................# #
.#.##.<...................#..
##.##.....[.#..............#.
.#..e.......#.#.#............
.'.##........................
.#.##.......#.###l.........#.
##.##...........@o..........#
.......##.......o###.........
....####.........# #....)..#.
...<.....#.......# #.......#
.[.#######...)...# ######....
...# #.......# ##.. ...#
#.......# . #### #.......#
#.......#


You could see an iguana and 2 orcs.

Vanquished Creatures
  A scorpion (D:3)
  A hound (D:3)
  4 adders
  A ribbon worm (D:3)
  2 dart slugs
  4 orcs
  6 endoplasms
  5 goblins
  7 hobgoblins
  2 training dummies (D:4)
  4 ball pythons
  5 bats
  3 frilled lizards
  2 kobolds
  4 rats
51 creatures vanquished.

Notes
Turn   | Place    | Note
-------+----------+-------------------------------------------
     0 | D:1      | Essalna the Gargoyle Earth Elementalist began the quest for
                  | the Orb.
     0 | D:1      | Reached XP level 1. HP: 10/10 MP: 3/3
   249 | D:1      | Reached XP level 2. HP: 15/15 MP: 3/5
   297 | D:1      | Found Bolamnaol's Book Shop.
   475 | D:1      | Reached skill level 4 in Earth Magic
   691 | D:1      | Found Halala's Antique Weapon Boutique.
   887 | D:1      | Found a faded altar of an unknown god.
  1107 | D:2      | Reached XP level 3. HP: 19/19 MP: 1/6
  2001 | D:3      | Found an iron altar of Okawaru.
  2065 | D:3      | Found Ikkeos's Distillery.
  2073 | D:3      | Bought a potion of degeneration for 11 gold pieces
  2182 | D:3      | Reached XP level 4. HP: 24/24 MP: 3/8
  2234 | D:3      | Noticed a scorpion
  2242 | D:3      | Killed a scorpion
  2243 | D:3      | Reached XP level 5. HP: 26/28 MP: 2/9
  2536 | D:3      | Found an ancient bone altar of Kikubaaqudgha.
  2746 | D:3      | Reached skill level 5 in Earth Magic
  2979 | D:4      | Noticed Duvessa
  2979 | D:4      | Noticed Dowan
  3083 | D:4      | Learned a level 3 spell: Stone Arrow
  3330 | D:4      | HP: 1/28 [iguana (1)]
  3333 | D:4      | Slain by an iguana

Illustrated notes

Levels and vault maps discovered:
D:1:      evilmike_arrival_crescent, layout_basic, serial_shops,
          nicolae_square_shop, nicolae_shop_tiny_real_fake_doors,
          shapermc_ecumenical_altar_acropolis, minmay_misc_feat_diagonals
D:2:      layout_basic
D:3:      layout_loops_ring, overflow_temple_1_default,
          mainiacjoe_overflow_surrounded_room, serial_shops, shop,
          kennysheep_boxes
D:4:      dreamdust_elfheim, layout_rooms, eino_tiny_chamber

Skill      XL: |  1  2  3  4  5 |
---------------+----------------+-----
Earth Magic    | 4 5 |  5.1
Conjurations   | 2 3 |  3.4
Spellcasting   | 3 |  3.4
Dodging        | |  1.5
Stealth        | |  2.1

Action                     |  1- 3 |  4- 6 || total
---------------------------+-------+-------++-------
  Melee: Rapier            |    11 |     1 ||    12
   Cast: Sandblast         |    47 |    42 ||    89
    Use: Potion            |       |     2 ||     2
         Scroll            |       |     1 ||     1
   Stab: Sleeping          |     1 |       ||     1
 Armour: Robe              |    19 |    18 ||    37
  Dodge: Dodged            |    17 |    26 ||    43

Table legend: (Time is in decaauts)
 A = Elapsed time spent in this place.
 B = Non-inter-level travel time spent in this place.
 C = Inter-level travel time spent in this place.
 D = Time resting spent in this place.
 E = Time spent auto-exploring this place.
 F = Levels seen in this place.
 G = Mean time per level.
                   A        B        C        D        E       F      G
               +--------+--------+--------+--------+--------+-----+--------+
         Total |   3382 |   3149 |    233 |      0 |   2754 |   4 |  845.5 |
       Dungeon |   3382 |   3149 |    233 |      0 |   2754 |   4 |  845.5 |
               +--------+--------+--------+--------+--------+-----+--------+

Top non-repeatable levels by time:
     D:3: 1153 daAuts
     D:1: 1037 daAuts
     D:2: 976 daAuts
     D:4: 215 daAuts
